AoeStats
← tatanfgj

Arabia

518294167Analyzed
1v1 RM · 17h ago on Nov 2, 2026· 33m 54s· 2 players
Game mode
Random Map
Map size
Tiny (2 player)
Population
200
Speed
Normal
Resources
Standard
Victory
Conquest
Starting age
Dark Age
Ending age
Imperial Age
RankedLock teamsTeams togetherTeam positionsShared explorationLock speedFull tech treeHidden civsTurbo modeCheats
Victory
Defeat
🇨🇴 Spanish · Colombia
765
+15
vs
🇦🇷 Bengalis · Argentina
752
-15
lucasretamar
12:03 Feudal Age
12:37 Double-Bit Axe
12:54 Town Watch
13:12 Horse Collar
18:59 Castle Age
19:15 Stone Mining
20:56 Husbandry
22:25 Scale Barding Armor
23:17 Fletching
28:44 Bow Saw
30:58 Gold Mining
31:39 Bodkin Arrow
tatanfgj
0:26 Loom
4:58 Loom
11:08 Feudal Age
11:44 Double-Bit Axe
11:41 Horse Collar
15:41 Wheelbarrow
20:31 Town Watch
20:47 Fletching
20:57 Padded Archer Armor
23:41 Castle Age
21:43 Gold Mining
21:44 Stone Mining
26:17 Bodkin Arrow
26:38 Leather Archer Armor
30:28 Pikeman
33:39 Scale Mail Armor
Connection lost

Rejoining the realm…

Still unreachable

The connection could not be restored.

Session expired

The server has moved on; the page needs a fresh start.